 Dungeon Crawl Stone Soup version 0.19-a0-1007-g133f65f (webtiles) character file.

358 Implojin the Ruffian (level 6, 0/51 HPs)
             Began as a Minotaur Fighter on July 20, 2016.
             Slain by a sky beast (6 damage)
             ... on level 6 of the Dungeon.
             The game lasted 00:06:50 (1158 turns).

Implojin the Ruffian (Minotaur Fighter)             Turns: 1158, Time: 00:06:51

Health: 0/51       AC:  6    Str: 19 (21) XL:     6   Next: 37%
Magic:  14/14      EV:  7    Int:  5      God:
Gold:   4          SH:  9    Dex:  9 (11) Spells: 0 memorised, 5 levels left

rFire  . . .     SeeInvis .       - Unarmed
rCold  . . .     Gourm    .     a - +0 scale mail
rNeg   . . .     Faith    .     b - +0 shield
rPois  .         Spirit   .     (helmet restricted)
rElec  .         Dismiss  .     (no cloak)
rCorr  .         Reflect  .     (no gloves)
SustAt .         Harm     .     (no boots)
MR     .....                    e - amulet of inaccuracy (curse)
Stlth  ..........               i - ring of flight
                                h - ring of magical power

@: very slightly contaminated, hasted, very quick, not resistant to hostile
enchantments, extremely unstealthy
A: retaliatory headbutt, horns 2
a: Evoke Flight


You were on level 6 of the Dungeon.
You were not hungry.

You visited 1 branch of the dungeon, and saw 6 of its levels.

You collected 4 gold pieces.

Inventory:

Hand Weapons
 q - a +2 dagger of venom
Missiles
 k - 2 tomahawks (quivered)
Armour
 a - a +0 scale mail (worn)
 b - a +0 shield (worn)
 j - a cursed +0 ring mail
Magical Staves
 l - an uncursed staff of poison {unknown}
Jewellery
 e - a cursed amulet of inaccuracy (around neck)
 h - a ring of magical power (left hand)
 i - a ring of flight (right hand)
Scrolls
 g - a scroll of teleportation
Potions
 c - a potion of degeneration
Comestibles
 d - 3 bread rations
 f - 2 meat rations
 n - a slice of pizza


   Skills:
 - Level 3.6 Fighting
 - Level 3.6 Armour
 - Level 3.6 Shields
 * Level 7.5 Unarmed Combat


You had 5 spell levels left.
You didn't know any spells.

Dungeon Overview and Level Annotations

Branches:
Dungeon (6/15)
 Temple: D:4-7

Altars:
Dithmenos
Elyvilon
Gozag
Yredelemnul

Annotations:
D:4 Implojin's ghost, weakling MiFi


Innate Abilities, Weirdness & Mutations

You reflexively headbutt those who attack you in melee.
You have a pair of horns on your head.


Message History

You feel sick.
o - a cyan potion You feel sick.
It was a potion of curing.
You feel better.
Found a stone staircase leading down.
Your extra speed is starting to run out.
There is a stone staircase leading down here.
You climb downwards.
A sky beast comes into view.
Found a metallic yellow potion.
There is a stone staircase leading up here.
Unknown command.
You feel as though your hastened speed will last longer.
Found a metallic yellow potion.
Found a stone staircase leading down.
You miss the sky beast.
The sky beast flickers out of sight!
Deactivating autopickup; reactivate with Ctrl-A.
Something hits you but does no damage.
You miss something. Something hits you but does no damage.
You closely miss something. Your headbutt misses something. You miss something.
Something hits you but does no damage.
You closely miss something. You closely miss something.
Your headbutt misses something. Something hits you but does no damage.
You miss something. You closely miss something. You headbutt something.
Something hits you but does no damage.
You barely miss something. Your headbutt misses something.
You block something's attack.
Your shield and scale mail prevent you from hitting something.
Something hits you but does no damage.
You completely miss something. Your headbutt misses something.
You miss something. Your headbutt misses something. Something hits you.
* * * LOW HITPOINT WARNING * * *
Something shocks you.
* * * LOW HITPOINT WARNING * * *
Unknown command.
You completely miss something. Something hits you.
* * * LOW HITPOINT WARNING * * *
Something shocks you.
You die...

............
...........
..........>
........# #+
#...!...#
#.##.......#
#..........#
#....@.....#
##....{.....#
+..<......#...
#....###....#.
.......... ......
.........###......
....#....# !....
......#+## .....
###.##


There were no monsters in sight!

Vanquished Creatures
  A scorpion (D:5)
  A howler monkey (D:4)
  2 orc priests
  A worker ant (D:4)
  Ijyb (D:2)
  2 orc wizards
  Robin (D:2)
  An adder (D:5)
  2 gnolls (D:2)
  3 worms
  A giant gecko (D:3)
  4 orcs
  2 giant cockroaches
  10 goblins
  5 hobgoblins
  A quokka (D:4)
  2 bats (D:2)
  5 giant newts
  A jackal skeleton (D:4)
  2 kobolds (D:2)
  34 rats (D:2)
82 creatures vanquished.

Notes
Turn   | Place    | Note
-------+----------+-------------------------------------------
     0 | D:1      | Implojin the Minotaur Fighter began the quest for the Orb.
     0 | D:1      | Reached XP level 1. HP: 19/19 MP: 0/0
    82 | D:2      | Noticed Robin
    93 | D:2      | Reached skill level 3 in Unarmed Combat
    94 | D:2      | Reached XP level 2. HP: 25/26 MP: 1/1
   104 | D:2      | Killed Robin
   111 | D:2      | Reached XP level 3. HP: 26/31 MP: 2/2
   117 | D:2      | Found a white marble altar of Elyvilon.
   174 | D:2      | Reached skill level 4 in Unarmed Combat
   230 | D:2      | Found a shadowy altar of Dithmenos.
   293 | D:2      | Found a basalt altar of Yredelemnul.
   437 | D:2      | Noticed Ijyb
   443 | D:2      | Killed Ijyb
   451 | D:2      | Reached XP level 4. HP: 32/39 MP: 3/3
   554 | D:2      | Reached skill level 5 in Unarmed Combat
   799 | D:3      | Reached XP level 5. HP: 40/45 MP: 4/4
   802 | D:3      | Reached skill level 6 in Unarmed Combat
   835 | D:3      | Found an opulent altar of Gozag.
   895 | D:4      | Noticed Implojin's ghost (weakling MiFi)
   900 | D:4      | HP: 1/45 [Implojin's ghost (4)]
   921 | D:4      | HP: 2/45 [quokka (2)]
   986 | D:4      | Reached skill level 7 in Unarmed Combat
   986 | D:4      | Reached XP level 6. HP: 7/51 MP: 5/5
  1053 | D:5      | Entered Level 5 of the Dungeon
  1140 | D:6      | Noticed a sky beast
  1158 | D:6      | Slain by a sky beast

Vault maps used:
D:1:      dpeg_arrival_tiny_g, serial_glass, glass_columns_a, glass_columns_b,
          minmay_strange_pillars, due_unseen_surprise
D:2:      lemuel_round_altar, elyvilon_altar_5, lemuel_doored_altar,
          first_bread, minmay_rats_cheesy_pizza, uniq_robin, uniq_iyjb
D:3:      nicolae_overflow_hidden_temple, nicolae_gozag_seed_capital
D:4:      kennysheep_mini_moat, minivault_24, hex_medium,
          corexii_leaking_fountain, uniq_edmund, uniq_natasha
D:5:      hangedman_ru_absence, nicolae_tso_swordbearing_angel,
          eino_small_chamber_without_monster
D:6:      xom_redecorated, uniq_grinder

Skill      XL: |  1  2  3  4  5 |
---------------+----------------+-----
Unarmed Combat | 3 4 5 7 |  7.5
Fighting       | |  3.6
Armour         | |  3.6
Shields        | |  3.6

Action                   |  1- 3 |  4- 6 || total
-------------------------+-------+-------++-------
Melee: Unarmed           |    74 |   155 ||   229
       Headbutt          |    10 |    24 ||    34
Throw: Tomahawk          |       |     1 ||     1
  Use: Potion            |     1 |     7 ||     8
       Scroll            |       |     5 ||     5
  Eat: Bread ration      |       |     1 ||     1
Armor: Scale mail        |    52 |    66 ||   118
Dodge: Dodged            |    30 |    59 ||    89
Block: Shield            |    47 |    77 ||   124

Table legend:
 A = Turns spent in this place as a percentage of turns spent in the entire game.
 B = Non-inter-level travel turns spent in this place as a percentage of non-inter-level travel turns spent in the entire game.
 C = Inter-level travel turns spent in this place as a percentage of turns spent in this place.
 D = Turns resting spent in this place as a percentage of non-inter-level travel turns spent in this place.
 E = Turns spent auto-exploring this place as a percentage of non-inter-level travel turns spent in this place.
 F = Non-inter-level travel turns spent in this place divided by the number of levels of this place that you've seen.
                   A       B       C       D       E      F
               +-------+-------+-------+-------+-------+----------------------
         Total | 100.0 | 100.0 |   0.0 |   0.0 |   0.0 | 200.7
       Dungeon | 100.0 | 100.0 |   0.0 |   0.0 |   0.0 | 200.7
               +-------+-------+-------+-------+-------+----------------------

Table legend:
 A = Kills in this place as a percentage of kills in entire the game.
 B = Kills by you in this place as a percentage of kills by you in the entire game.
 C = Kills by friends in this place as a percentage of kills by friends in the entire game.
 D = Other kills in this place as a percentage of other kills in the entire game.
 E = Experience gained in this place as a percentage of experience gained in the entire game.
 F = Experience gained in this place divided by the number of levels of this place that you have seen.
                   A       B       C       D       E      F
               +-------+-------+-------+-------+-------+----------------------
         Total | 100.0 | 100.0 |  -nan |  -nan | 100.0 |  85.3
       Dungeon | 100.0 | 100.0 |  -nan |  -nan | 100.0 |  85.3
               +-------+-------+-------+-------+-------+----------------------
